 Dungeon Crawl Stone Soup version 0.19.0-2-gae57169 (webtiles) character file.

2783 Franakus the Thaumaturge (level 9, 0/51 HPs)
             Began as an Octopode Conjurer on Nov 5, 2016.
             Shot with a sling bullet by Joseph (11 damage)
             ... on level 7 of the Dungeon.
             The game lasted 01:29:33 (8860 turns).

Franakus the Thaumaturge (Octopode Conjurer)        Turns: 8860, Time: 01:29:34

Health: 0/51       AC:  1    Str:  9    XL:     9   Next: 70%
Magic:  15/21      EV: 13    Int: 20    God:
Gold:   165        SH:  0    Dex: 13    Spells: 7 memorised, 6 levels left

rFire  . . .     SeeInvis +     E - +4 mace "Jawov" {venom, rElec Str+2 SInv Stlth+}
rCold  . . .     Gourm    .     (no shield)
rNeg   . . .     Faith    .     (helmet restricted)
rPois  +         Spirit   .     (no amulet)
rElec  +         Reflect  .     F - ring of poison resistance
rCorr  .         Harm     .     (no ring)
MR     .....                    (no ring)
Stlth  ++++......               (no ring)
                                (no ring)
                                (no ring)
                                (no ring)
                                (no ring)

@: very slightly contaminated, repel missiles
A: almost no armour, stealthy swim, amphibious, 8 rings, constrict 8, camouflage
1, gelatinous body 1
a: no special abilities


You were on level 7 of the Dungeon.
You were not hungry.

You visited 1 branch of the dungeon, and saw 7 of its levels.

You collected 330 gold pieces.
You spent 165 gold pieces at shops.

Inventory:

Hand Weapons
 i - a +1 dagger of flaming
 l - a +0 dagger of venom
 o - a +0 hunting sling
 C - a cursed -1 morningstar
 E - the +4 mace "Jawov" (weapon) {venom, rElec Str+2 SInv Stlth+}
   (You found it on level 4 of the Dungeon)

   It poisons the flesh of those it strikes.
   It affects your strength (+2).
   It insulates you from electricity.
   It lets you see invisible.
   It makes you more stealthy.
 G - a +3 quarterstaff of chaos
 L - a +2 whip of freezing
Missiles
 A - 21 sling bullets
Magical Staves
 p - an uncursed staff of conjuration
Jewellery
 y - an uncursed ring of ice
 F - a ring of poison resistance (left tentacle)
 J - an uncursed ring of ice
Wands
 k - a wand of paralysis (19/24)
 n - a wand of random effects (48/48)
 z - a wand of polymorph (12/24)
Scrolls
 d - 5 scrolls of teleportation
 g - 2 scrolls of remove curse {unknown}
 m - a scroll of identify
 t - a scroll of immolation {unknown}
 v - a scroll of enchant weapon {unknown}
 w - 2 scrolls of recharging
 x - a scroll of blinking {unknown}
 D - a scroll of fog {unknown}
 H - a scroll of enchant armour {unknown}
Potions
 e - 6 potions of heal wounds
 f - a potion of flight
 h - 2 potions of might
 j - a potion of cancellation {unknown}
 q - 3 potions of mutation {unknown}
 r - 4 potions of curing {unknown}
 s - 2 potions of haste {unknown}
 B - a potion of degeneration {unknown}
 K - a potion of resistance {unknown}
 M - a potion of cure mutation {unknown}
 O - a potion of brilliance {unknown}
Books
 a - a book of Conjurations

   Spells                             Type                      Level
   a - Magic Dart                     Conjuration                  1
   b - Searing Ray                    Conjuration                  2
   c - Dazzling Spray                 Conjuration/Hexes            3
   d - Fulminant Prism                Conjuration/Hexes            4
   e - Iskenderun's Mystic Blast      Conjuration                  4
   f - Iskenderun's Battlesphere      Conjuration/Charms           5
 u - a book of Minor Magic

   Spells                             Type                      Level
   a - Magic Dart                     Conjuration                  1
   b - Blink                          Translocation                2
   c - Call Imp                       Summoning                    2
   d - Repel Missiles                 Charms/Air                   2
   e - Slow                           Hexes                        2
   f - Conjure Flame                  Conjuration/Fire             3
   g - Mephitic Cloud                 Conjuration/Poison/Air       3
 I - a book of Changes

   Spells                             Type                      Level
   a - Beastly Appendage              Transmutation                1
   b - Sticks to Snakes               Transmutation                2
   c - Spider Form                    Transmutation/Poison         3
   d - Ice Form                       Ice/Transmutation            4
   e - Blade Hands                    Transmutation                5
Comestibles
 b - 6 bread rations
 c - 3 meat rations
 N - a chunk of flesh


   Skills:
 - Level 4.3(4.5) Maces & Flails
 - Level 2.1(3.5) Staves
 - Level 2.0 Dodging
 - Level 3.1 Stealth
 * Level 8.8 Spellcasting
 + Level 7.8 Conjurations
 * Level 1.8 Charms
 - Level 1.6 Translocations


You had 6 spell levels left.
You knew the following spells:

 Your Spells              Type           Power        Failure   Level  Hunger
a - Magic Dart            Conj           ####         1%          1    None
b - Searing Ray           Conj           #####.       1%          2    None
c - Iskenderun's Mystic   Conj           #####...     3%          4    ###....
d - Conjure Flame         Conj/Fire      ###.....     6%          3    None
e - Blink                 Tloc           N/A          10%         2    None
f - Repel Missiles        Chrm/Air       ##....       10%         2    None
g - Iskenderun's Battles  Conj/Chrm      ####....     30%         5    #####..


Dungeon Overview and Level Annotations

Branches:
Dungeon (7/15)             Temple (0/1) D:7

Altars:

Shops:
D:5 *   D:7 [%[(

Annotations:
D:6 azzavlup's ghost, novice OgGl
D:7 Joseph


Innate Abilities, Weirdness & Mutations

You cannot wear most types of armour.
You are very stealthy in the water. (Stealth+)
You are amphibious.
You can wear up to eight rings at the same time.
You can use your tentacles to constrict eight enemies at once.
Your skin changes colour to match your surroundings (Stealth+).
Your rubbery body absorbs attacks. (AC +1, EV +1)


Message History

Aim: Joseph, wielding a hunting sling of flaming and wearing a leather armour (lightly wounded)
Okay, then.
Casting: Iskenderun's Mystic Blast
Confirm with . or Enter, or press ? or * to list all spells.
Aiming: Conjure Flame
Press: ? - help, Dir - move target cursor, p - Joseph You miscast Conjure Flame.
You are very lightly contaminated with residual magic.
Nothing appears to happen.
Joseph shoots a sling bullet.
The sling bullet closely misses you.
Casting: Conjure Flame
Confirm with . or Enter, or press ? or * to list all spells.
Aiming: Conjure Flame
Press: ? - help, Dir - move target cursor The fire roars!
Joseph shoots a sling bullet.
The sling bullet hits you! The sling bullet burns you.
Joseph shoots a sling bullet.
The sling bullet hits you!!
* * * LOW HITPOINT WARNING * * *
The sling bullet burns you!
You die...

....#.######################.####
..(.#.##....# #.# ....'.##.##.##
#.# .p..#....# ..# #.#
....#.######.# #.#
....#.##...#.#### #.#
[>..............## #.#
########..†..##.[# #.#
..÷.####.#######@## #.#
.....#...# #(.# #..
.#####.##########.## #.. ....##.#
#....##..# #..... ....##.#
#.#8.###§## #..... ....##.#
#.#..# #..# #..... #...##.#
#.#..# ##.# #..... #...##.#
#.#∩.# #@## #>...@ #...##.#
#.#..# #>.# #####.....


You could see Joseph.

Vanquished Creatures
  Pikel (D:7)
  Grinder (D:5)
  Sigmund (D:2)
  Menkaure (D:4)
  Duvessa (D:7)
  A water moccasin (D:6)
  2 phantoms
  4 ogres
  A sky beast (D:6)
  2 bullfrogs
  Blork the orc (D:5)
  Dowan (D:7)
  A scorpion (D:5)
  A howler monkey (D:7)
  2 crimson imps (D:6)
  A bullfrog zombie (D:5)
  3 hounds (D:6)
  A bullfrog skeleton (D:4)
  An orc priest (D:4)
  An orc wizard (D:6)
  Crazy Yiuf (D:4)
  3 worker ants
  A hound skeleton (D:6)
  A worker ant zombie (D:5)
  Robin (D:2)
  11 gnolls
  7 adders
  2 oozes
  An adder skeleton (D:4)
  3 worms
  A dart slug (D:1)
  2 leopard geckos
  12 orcs
  11 bats
  5 giant cockroaches
  15 goblins
  11 hobgoblins
  5 jackals (D:3)
  6 kobolds
  4 quokkas
  2 ball pythons (D:4)
  9 frilled lizards
  A leopard gecko skeleton (D:4)
  2 leopard gecko zombies (D:6)
  7 rats
152 creatures vanquished.

Notes
Turn   | Place    | Note
-------+----------+-------------------------------------------
     0 | D:1      | Franakus the Octopode Conjurer began the quest for the Orb.
     0 | D:1      | Reached XP level 1. HP: 11/11 MP: 3/3
   305 | D:1      | Reached XP level 2. HP: 7/17 MP: 5/5
   311 | D:1      | Learned a level 2 spell: Searing Ray
   991 | D:1      | Reached XP level 3. HP: 17/21 MP: 4/6
  1447 | D:2      | Noticed Robin
  1908 | D:2      | Killed Robin
  1908 | D:2      | Reached skill level 5 in Conjurations
  1908 | D:2      | Reached XP level 4. HP: 27/27 MP: 1/8
  2012 | D:2      | Noticed Sigmund
  2682 | D:3      | Reached skill level 3 in Spellcasting
  2854 | D:3      | Reached XP level 5. HP: 31/31 MP: 9/9
  3080 | D:3      | Learned a level 4 spell: Iskenderun's Mystic Blast
  3176 | D:4      | Noticed an ogre
  3224 | D:4      | Noticed an ogre
  3250 | D:4      | Noticed Menkaure
  3429 | D:4      | Killed an ogre
  3429 | D:4      | Reached skill level 1 in Staves
  3429 | D:4      | Reached XP level 6. HP: 36/36 MP: 1/11
  3526 | D:4      | Reached skill level 4 in Spellcasting
  3576 | D:4      | Noticed a phantom
  3603 | D:4      | Killed a phantom
  4047 | D:4      | Reached XP level 7. HP: 41/41 MP: 3/14
  4056 | D:4      | Learned a level 3 spell: Conjure Flame
  4059 | D:4      | Learned a level 2 spell: Blink
  4062 | D:4      | Learned a level 2 spell: Repel Missiles
  4219 | D:4      | Got a warped mace
  4221 | D:4      | Found a runed door.
  4252 | D:4      | Identified the +4 mace "Jawov" {venom, rElec Str+2 SInv Stlth+} (You found it on level 4 of the Dungeon)
  4266 | D:4      | Noticed Crazy Yiuf
  4268 | D:4      | Killed Crazy Yiuf
  4388 | D:4      | Reached skill level 5 in Spellcasting
  4709 | D:4      | Reached skill level 1 in Maces & Flails
  5150 | D:4      | Killed Menkaure
  5150 | D:4      | Reached XP level 8. HP: 37/46 MP: 10/16
  5434 | D:2      | Killed Sigmund
  5434 | D:2      | Reached skill level 6 in Spellcasting
  5488 | D:5      | Entered Level 5 of the Dungeon
  5603 | D:5      | Noticed Blork the orc
  5609 | D:5      | Found Keqengef's Assorted Antiques.
  5617 | D:5      | Bought a knobbly iron ring for 165 gold pieces
  5725 | D:5      | Killed Blork the orc
  5728 | D:5      | Noticed Grinder
  5879 | D:5      | Killed Grinder
  6523 | D:6      | Noticed azzavlup's ghost (novice OgGl)
  6538 | D:6      | Reached skill level 7 in Spellcasting
  6970 | D:6      | Reached XP level 9. HP: 51/51 MP: 12/20
  7138 | D:6      | Reached skill level 1 in Translocations
  7309 | D:6      | Reached skill level 8 in Spellcasting
  7635 | D:6      | Learned a level 5 spell: Iskenderun's Battlesphere
  8104 | D:7      | Found a staircase to the Ecumenical Temple.
  8104 | D:7      | Noticed Duvessa
  8104 | D:7      | Noticed Dowan
  8104 | D:7      | Noticed Joseph
  8143 | D:7      | Noticed Pikel
  8221 | D:7      | Found Ucurrof's Weapon Boutique.
  8243 | D:7      | Found Nushamod's Armour Shoppe.
  8246 | D:7      | Found Wuse's Food Shop.
  8471 | D:7      | Found Piypo's Armour Shop.
  8641 | D:7      | Killed Pikel
  8641 | D:7      | Reached skill level 1 in Charms
  8703 | D:7      | Killed Duvessa
  8704 | D:7      | Killed Dowan
  8860 | D:7      | Shot with a sling bullet by Joseph

Skill      XL: |  1  2  3  4  5  6  7  8  9 |
---------------+----------------------------+-----
Conjurations   | 5 6 7 |  7.8
Spellcasting   | 3 4 5 7 8 |  8.8
Stealth        | 3 |  3.1
Staves         | 1 2 |  2.1
Maces & Flails | 2 4 |  4.3
Translocations | 1 |  1.6
Charms         | 1 |  1.8
Dodging        | |  2.0

Action                   |  1- 3 |  4- 6 |  7- 9 || total
-------------------------+-------+-------+-------++-------
Melee: Unarmed           |    45 |       |       ||    45
       Constrict         |    18 |    14 |    29 ||    61
       Tentacles         |     9 |    10 |    29 ||    48
       Dagger            |    28 |    64 |       ||    92
       Staff             |       |    10 |    45 ||    55
       Mace              |       |       |    81 ||    81
 Cast: Magic Dart        |    35 |    15 |    59 ||   109
       Searing Ray       |     2 |     9 |    16 ||    27
       Iskenderun's Myst |       |     3 |    18 ||    21
       Conjure Flame     |       |       |     8 ||     8
       Repel Missiles    |       |       |     1 ||     1
       Blink             |       |       |     5 ||     5
  Use: Scroll            |       |     3 |     2 ||     5
 Stab: Sleeping          |       |     9 |     8 ||    17
       Distracted        |       |       |     3 ||     3
  Eat: Chunk             |     3 |     8 |     8 ||    19
       Beef jerky        |       |       |     2 ||     2
       Meat ration       |       |       |     1 ||     1
       Pizza             |       |       |     1 ||     1
Armor: Skin              |    10 |    11 |     5 ||    26
Dodge: Dodged            |    58 |    50 |    77 ||   185
       Deflected         |       |       |     3 ||     3
